 Dungeon Crawl Stone Soup version 0.30.0-29-ga12c61a403 (webtiles) character file.

Game seed: 4345963984763877796

106 qw the Chopper (level 4, -8/28 HPs)
             Began as a Gargoyle Fighter on June 4, 2023.
             Killed by divine providence
             ... invoked by an orc priest
              (9 damage)
             ... on level 3 of the Dungeon.
             The game lasted 00:00:52 (1837 turns).

qw the Chopper (Gargoyle Fighter)                   Turns: 1837, Time: 00:00:52

Health: -8/28      AC: 13    Str: 20    XL:     4   Next: 84%
Magic:  0/4        EV:  9    Int: 13    God:
Gold:   121        SH:  4    Dex:  8    Spells: 3/3 levels left

rFire   . . .        Y - +0 war axe
rCold   . . .        c - +0 buckler
rNeg    + . .        b - +0 scale mail
rPois   inf          (no helmet)
rElec   +            g - +0 cloak
rCorr   .            n - +0 pair of gloves
SInv    .            p - +0 pair of boots
Will    .....        f - amulet of guardian spirit Stlth
                     (no ring)
HPRegen 0.24/turn    (no ring)
MPRegen 0.09/turn

%: guardian spirit
@: flying
A: sickness immunity, AC +3, negative energy resistance 1, electricity
resistance, torment resistance 1, petrification resistance, big wings, clever 1
a: no special abilities


You were on level 3 of the Dungeon.
You visited 1 branch of the dungeon, and saw 3 of its levels.

You collected 121 gold pieces.


Innate Abilities, Weirdness & Mutations

You are immune to sickness and miasma.
Your stone body is resilient. (AC +3)
You are immune to poison.
You resist negative energy. (rN+)
You are resistant to electric shocks. (rElec)
You are resistant to unholy torment.
You are immune to petrification.
Your large and strong wings let you fly.
Your mind is acute. (Int +4, Str/Dex -1)


   Skills:
 - Level 3.2 Fighting
 + Level 4.4 Axes
 - Level 3.2 Armour
 - Level 3.2 Shields


You had 3 spell levels left.
You didn't know any spells.
Your spell library was empty.

Inventory:

Hand Weapons
 m - a +0 whip
 Y - a +0 war axe (weapon)
Armour
 b - a +0 scale mail (worn)
 c - a +0 buckler (worn)
 g - a +0 cloak (worn)
 n - a +0 pair of gloves (worn)
 p - a +0 pair of boots (worn)
Jewellery
 f - an amulet of guardian spirit (around neck)
Wands
 t - a wand of digging (5)
Scrolls
 a - 4 scrolls of identify
 o - a scroll of enchant weapon {unknown}
 q - a scroll of magic mapping {unknown}
 r - a scroll of teleportation {unknown}
Potions
 d - a potion of might
 e - 3 potions of lignification
 h - a potion of berserk rage {unknown}
 i - 3 potions of curing
 j - a potion of haste
 k - a potion of cancellation {unknown}
 l - a potion of magic {unknown}
 s - 2 potions of heal wounds {unknown}

Dungeon Overview and Level Annotations

Branches:
Dungeon (3/15)

Altars:
Qazlal


Message History

Enter note:
Enter note: You barely miss the orc priest.
You barely miss the orc.
An orc comes into view. It is wielding a +0 dagger.
The orc priest mumbles some strange prayers to Beogh against you.
Beogh smites you! The orc closely misses you.
You barely miss the orc priest. You hit the orc.
The orc priest calls upon Beogh to heal the orc.
The orc's wounds heal themselves!
The orc hits you but does no damage.
You closely miss the orc priest. You hit the orc.
The orc priest barely misses you. The orc hits you but does no damage.
The orc priest calls down the wrath of Beogh upon you.
You barely resist. You closely miss the orc.
The orc is lightly wounded.
You hit the orc priest. x2
The orc priest hits you with a +0 war axe.
The orc hits you with a +0 hand axe.
The orc priest hits you but does no damage.
You closely miss the orc priest.
The orc priest is moderately wounded.
You slash the orc!
You kill the orc!
You closely miss the orc priest.
The orc priest hits you but does no damage.
The orc priest misses you.
The orc priest miscasts a cantrip.
The orc closely misses you.
You barely miss the orc priest.
The orc priest is moderately wounded.
You closely miss the orc priest. You hit the orc but do no damage.
The orc hits you with a +0 dagger. The orc priest completely misses you.
The orc priest hits you but does no damage.
You hit the orc priest.
The orc priest is moderately wounded.
You barely miss the orc. You closely miss the orc priest.
The orc priest barely misses you. The orc misses you.
The orc priest invokes the aid of Beogh against you.
Beogh smites you!
You die...

#.######....## #.#
##..#. # #.# ###.## #.
#.# #.# #.# #.# #.#
... #.# ####.##
#.#####.######......
#.#.oo..).....##.##...
#...o@...........<....
#########.######.###..
#.# #......
#.###########.
#.......#####.
#######.......
########


You could see 2 orc priests and an orc.

Vanquished Creatures
  An orc wizard (D:3)
  Ijyb (D:3)
  An adder (D:2)
  2 worms
  A dart slug (D:2)
  An orc (D:3)
  4 bats
  2 endoplasms
  2 goblins (D:1)
  7 hobgoblins
  4 kobolds
  3 quokkas
  3 ball pythons
  3 frilled lizards (D:1)
  3 rats (D:2)
38 creatures vanquished.

Notes
Turn   | Place    | Note
-------+----------+-------------------------------------------
     0 | D:1      | qw the Gargoyle Fighter began the quest for the Orb.
     0 | D:1      | Reached XP level 1. HP: 14/14 MP: 1/1
     0 | D:1      | 0 ||| qw: Version: 0.2-a-107-g4668610
     0 | D:1      | 0 ||| qw: Game counter: 1228
     0 | D:1      | 0 ||| qw: Always use a shield: true
     0 | D:1      | 0 ||| qw: God list: Okawaru
     0 | D:1      | 0 ||| qw: Allow faded altars: false
     0 | D:1      | 0 ||| qw: Do Orc after D:15 true
     0 | D:1      | 0 ||| qw: Do second Lair branch before Depths: true
     0 | D:1      | 0 ||| qw: Lair rune preference: random
     0 | D:1      | 0 ||| qw: Plans: Normal, Zot:1-4, Slime:5, God:TSO, Crypt,
                  | Tomb, Abyss, Pan, Hells, Win
     0 | D:1      | 0 ||| PLANNING D:1-11
    35 | D:1      | Reached skill level 2 in Axes
    95 | D:1      | Found a faded altar of an unknown god.
   139 | D:1      | 139 ||| DROPPING +0 club.
   149 | D:1      | Reached XP level 2. HP: 19/19 MP: 2/2
   503 | D:1      | 503 ||| UPGRADING to +0 cloak.
   508 | D:1      | 508 ||| UPGRADING to amulet of guardian spirit.
   513 | D:1      | 513 ||| READING scroll labelled JAUTIYSUFF.
   614 | D:1      | 614 ||| READING scroll labelled YXTUN FOQUACS.
   615 | D:1      | 615 ||| READING scroll labelled ANOYSHR ZUETI.
   616 | D:1      | 616 ||| READING scroll labelled NIOLOYSINO.
   617 | D:1      | 617 ||| DRINKING 2 glowing sapphire potions.
   618 | D:1      | 618 ||| DROPPING potion of flight.
   660 | D:2      | 660 ||| Stepping ~*~*~tactically~*~*~ (stealth).
   836 | D:2      | Reached skill level 3 in Axes
   886 | D:2      | Reached XP level 3. HP: 22/23 MP: 3/3
   919 | D:2      | 919 ||| Stepping ~*~*~tactically~*~*~ (stealth).
   921 | D:2      | 921 ||| Stepping ~*~*~tactically~*~*~ (stealth).
  1315 | D:2      | 1315 ||| UPGRADING to +0 pair of gloves.
  1320 | D:2      | 1320 ||| UPGRADING to +0 pair of boots.
  1325 | D:2      | 1325 ||| READING scroll labelled ZYUZ HAONWOGO.
  1326 | D:2      | 1326 ||| DRINKING 4 sedimented black potions.
  1369 | D:2      | 1369 ||| DRINKING 2 murky orange potions.
  1370 | D:2      | 1370 ||| DRINKING 2 fuming cyan potions.
  1370 | D:2      | Gained mutation: You are frail. (-10% HP) [potion of
                  | mutation]
  1370 | D:2      | Gained mutation: You have a pair of small antennae on your
                  | head. [potion of mutation]
  1370 | D:2      | Gained mutation: Your flesh is cold resistant. (rC+)
                  | [potion of mutation]
  1370 | D:2      | Gained mutation: Your large and strong wings let you fly.
                  | [potion of mutation]
  1371 | D:2      | 1371 ||| DRINKING potion of mutation.
  1371 | D:2      | Lost mutation: You have a pair of small antennae on your
                  | head. [potion of mutation]
  1371 | D:2      | Lost mutation: You are frail. (-10% HP) [potion of
                  | mutation]
  1371 | D:2      | Lost mutation: Your flesh is cold resistant. (rC+) [potion
                  | of mutation]
  1371 | D:2      | Gained mutation: Your mind is acute. (Int +4, Str/Dex -1)
                  | [potion of mutation]
  1383 | D:2      | 1383 ||| READING 2 scrolls of identify.
  1383 | D:2      | 1383 ||| IDENTIFYING silvery potion
  1432 | D:3      | 1432 ||| PLANNING SEWER
  1571 | D:3      | Noticed Ijyb
  1589 | D:3      | Killed Ijyb
  1590 | D:3      | Reached skill level 4 in Axes
  1590 | D:3      | Reached XP level 4. HP: 23/28 MP: 2/4
  1666 | D:3      | Found a stormy altar of Qazlal.
  1684 | D:3      | 1684 ||| Stepping ~*~*~tactically~*~*~ (hiding).
  1834 | D:3      | HP: 6/28 [orc priest/+0 war axe (3)]
  1836 | D:3      | HP: 1/28 [orc/+0 dagger (4)]
  1837 | D:3      | Killed from afar by an orc priest

Levels and vault maps discovered:
D:1:      wander_arrival_abandoned_jail, layout_rooms,
          hellmonk_ecumenical_altar_pennies_from_heaven, roderic_roman_lattice
D:2:      layout_loops_ring, kennysheep_generic_room_5
D:3:      layout_loops_ring, mainiacjoe_overflow_alcove_2, portal_sewer_entry_d,
          uniq_ijyb

Skill      XL: |  1  2  3 |
---------------+----------+-----
Axes           | 2 3 4 |  4.4
Fighting       | |  3.2
Armour         | |  3.2
Shields        | |  3.2

Action                     |  1- 3 |  4- 6 || total
---------------------------+-------+-------++-------
  Melee: War axe           |   103 |    16 ||   119
    Use: Scroll            |     6 |       ||     6
         Potion            |     5 |       ||     5
 Armour: Scale mail        |    43 |    12 ||    55
  Dodge: Dodged            |    37 |     8 ||    45
  Block: Buckler           |    17 |       ||    17

Table legend:
 A = Non-vault XP
 B = Vault XP
 C = Vault XP percentage of total XP
 D = Non-vault monster count
 E = Vault monster count
 F = Vault count percentage of total count
                 A         B        C        D         E       F
            +---------+---------+-------+---------+---------+-------
      Total |     117 |      35 |  23.0 |      36 |       2 |   5.3
            +---------+---------+-------+---------+---------+-------
        D:1 |      18 |       0 |   0.0 |      11 |       0 |   0.0
        D:2 |      50 |       2 |   3.8 |      19 |       1 |   5.0
        D:3 |      49 |      33 |  40.2 |       6 |       1 |  14.3
            +---------+---------+-------+---------+---------+-------
